 Dungeon Crawl Stone Soup version 0.30.1 (webtiles) character file.

Game seed: 2118880878566616831

563866 spardeous the Metallomancer (level 24, -54/125 HPs)
             Began as a Felid Earth Elementalist on July 10, 2023.
             Was an Initiate of Gozag.
             Killed by Shatter
             ... invoked by salammoniac's ghost
              (85 damage)
             ... on level 1 of the Realm of Zot on July 11, 2023.
             The game lasted 05:10:06 (86018 turns).

spardeous the Metallomancer (FeEE)                 Turns: 86018, Time: 05:10:06

Health: -54/125    AC:  7    Str:  4    XL:     24   Next: 86%
Magic:  49/49      EV: 40    Int: 34    God:    Gozag
Gold:   7128       SH:  0    Dex: 20    Spells: 10/65 levels left
                                        Lives:  0   Deaths: 4

rFire   + +          .
                       - Unarmed
rCold   + . .        (shield unavailable)
rNeg    . . .        (body armour unavailable)
rPois   +            (helmet unavailable)
rElec   .            (cloak unavailable)
rCorr   .            (gloves unavailable)
SInv    +            (boots unavailable)
Will    ++++.        V - amulet of Vitality {RegenMP++ Regen++}
Stlth   ++++         s - ring "Jiubbyro" {rPois rF+ Int+6 Slay+2}
HPRegen 2.00/turn    J - ring "Xiadom" {rF+ Will+ AC+4 Dex+3}
MPRegen 1.11/turn

%: no passive effects
@: studying 3 skills, quick
A: very small, claws 1, fangs 3, see invisible, speed 1, shaggy fur 3, stealthy
paws, no weapons or thrown items, no armour, multi-lived, horns 1, robust 1
}: 4/15 runes: decaying, serpentine, slimy, silver
a: Renounce Religion, Potion Petition, Call Merchant, Bribe Branch


You were on level 1 of the Realm of Zot.
You worshipped Gozag.
Gozag was greatly pleased with you.
You visited 13 branches of the dungeon, and saw 54 of its levels.
You visited 1 bazaar.
You also visited: Trove, Gauntlet, Ice Cave, Wizlab and Desolation.

You collected 35003 gold pieces.
You spent 9734 gold pieces at shops.
You paid 18141 gold pieces to Gozag.

Inventory:

Jewellery
 d - the ring of the Philosopher {rN+ EV+5 Stlth+}
   (You bought it in a shop on level 1 of the Lair of Beasts)

   [ring of evasion]

   EV:        It affects your evasion (+5).
   rN:        It protects you from negative energy.
   Stlth:     It makes you more stealthy.
 l - the ring "Yhiohy" {MP-9 AC+4 Str-2 Int+9 Dex+2}
   (You found it on level 2 of the Depths)

   [ring of protection]

   AC:        It affects your AC (+4).
   Str:       It affects your strength (-2).
   Int:       It affects your intelligence (+9).
   Dex:       It affects your dexterity (+2).
   MP:        It affects your magic capacity (-9).
 r - the ring of Puom {rElec rF+ rC+ rCorr Dex+3}
   (You found it on level 5 of the Pits of Slime)

   [ring of resist corrosion]

   Dex:       It affects your dexterity (+3).
   rF:        It protects you from fire.
   rC:        It protects you from cold.
   rElec:     It insulates you from electricity.
   rCorr:     It protects you from acid and corrosion.
 s - the ring "Jiubbyro" (left paw) {rPois rF+ Int+6 Slay+2}
   (You took it off an ogre mage on level 13 of the Dungeon)

   [ring of intelligence]

   Int:       It affects your intelligence (+6).
   Slay:      It affects your accuracy & damage with ranged weapons and melee
   (+2).
   rF:        It protects you from fire.
   rPois:     It protects you from poison.
 y - the amulet of Cifastikh {Fly Regen+ Dex+5}
   (You took it off a yaktaur captain on level 5 of the Vaults)

   [amulet of regeneration]

   Dex:       It affects your dexterity (+5).
   Fly:       It grants you flight.
   Regen:     It increases your rate of health regeneration.
 B - the ring "Epirchit" {Wiz rF+ Will+ Str+4 SInv}
   (You found it on level 5 of the Vaults)

   [ring of wizardry]

   It improves your spell success rate.
   Str:       It affects your strength (+4).
   rF:        It protects you from fire.
   SInv:      It lets you see invisible.
   Will:      It increases your willpower.
 F - the ring of Epeot {Ice Str+3 Int-3 Dex+3}
   (You found it on level 5 of the Vaults)

   [ring of ice]

   It enhances your ice magic.
   Str:       It affects your strength (+3).
   Int:       It affects your intelligence (-3).
   Dex:       It affects your dexterity (+3).
   rF:        It makes you vulnerable to fire.
   rC:        It protects you from cold.
 G - the ring "Zoemuo" {rC+++ rCorr MP+9 Str-3 Dex-3}
   (You found it in a treasure trove)

   [ring of magical power]

   Str:       It affects your strength (-3).
   Dex:       It affects your dexterity (-3).
   rC:        It renders you almost immune to cold.
   MP:        It affects your magic capacity (+9).
   rCorr:     It protects you from acid and corrosion.
 J - the ring "Xiadom" (right paw) {rF+ Will+ AC+4 Dex+3}
   (You acquired it on level 2 of the Snake Pit)

   [ring of protection]

   AC:        It affects your AC (+4).
   Dex:       It affects your dexterity (+3).
   rF:        It protects you from fire.
   Will:      It increases your willpower.
 O - the ring of Tomorrow {Wiz rN++}
   (You acquired it on level 4 of the Snake Pit)

   [ring of wizardry]

   It improves your spell success rate.
   rN:        It greatly protects you from negative energy.
 Q - the ring of Cigh {rF+ rC++ Str-4 Slay+3 SInv}
   (You took it off a deep elf elementalist on level 3 of the Elven Halls)

   [ring of protection from fire]

   Str:       It affects your strength (-4).
   Slay:      It affects your accuracy & damage with ranged weapons and melee
   (+3).
   rF:        It protects you from fire.
   rC:        It greatly protects you from cold.
   SInv:      It lets you see invisible.
 R - the ring of Scepticism {rPois rF+ Str+5 Dex-4 Stlth+}
   (You found it in a Gauntlet)

   [ring of protection from fire]

   Str:       It affects your strength (+5).
   Dex:       It affects your dexterity (-4).
   rF:        It protects you from fire.
   rPois:     It protects you from poison.
   Stlth:     It makes you more stealthy.
 U - the ring "Bexyimn" {Fire Will+++ Str+5 Dex-4}
   (You found it on level 3 of the Crypt)

   [ring of fire]

   It enhances your fire magic.
   Str:       It affects your strength (+5).
   Dex:       It affects your dexterity (-4).
   rF:        It protects you from fire.
   rC:        It makes you vulnerable to cold.
   Will:      It greatly increases your willpower.
 V - the amulet of Vitality (around neck) {RegenMP++ Regen++}
   (You bought it in a shop on level 1 of the Lair of Beasts)

   [amulet of magic regeneration]

   It increases your rate of magic regeneration.
   Regen:     It increases your rate of health regeneration.
 Y - the amulet "Aplog" {Reflect rF+ SH+5}
   (You found it in the Desolation of Salt)

   [amulet of reflection]

   It reflects blocked missile attacks.
   rF:        It protects you from fire.
   SH:        It affects your SH (+5).
Wands
 f - a wand of quicksilver (39)
 q - a wand of iceblast (65)
 A - a wand of polymorph (25)
 C - a wand of mindburst (70)
 S - a wand of digging (17)
 T - a wand of paralysis (7)
Scrolls
 b - 8 scrolls of poison
 c - 16 scrolls of teleportation
 e - 6 scrolls of fear
 h - 4 scrolls of magic mapping
 j - 37 scrolls of identify
 m - 9 scrolls of amnesia
 p - 10 scrolls of vulnerability
 u - 5 scrolls of silence
 z - 16 scrolls of fog
 K - 3 scrolls of torment
 L - 2 scrolls of blinking
 M - 6 scrolls of immolation
 Z - 5 scrolls of summoning
Potions
 a - 7 potions of magic
 g - 14 potions of attraction
 i - 5 potions of brilliance
 k - 2 potions of haste
 n - 10 potions of lignification
 t - 9 potions of might
 v - 4 potions of cancellation
 w - 8 potions of berserk rage
 x - 10 potions of flight
 E - 6 potions of resistance
 H - 3 potions of ambrosia
 I - 2 potions of mutation
 N - a potion of invisibility
 W - 22 potions of heal wounds
 X - 18 potions of curing
Miscellaneous
 o - a condenser vane
 D - a box of beasts
 P - a tin of tremorstones (2/2)


   Skills:
 - Level 15.7 Fighting
 - Level 25.0 Dodging
 - Level 8.4 Stealth
 - Level 11.0 Unarmed Combat
 + Level 21.4 Spellcasting
 - Level 10.0 Conjurations
 - Level 13.0 Necromancy
 - Level 10.2 Translocations
 - Level 16.0 Transmutations
 - Level 26.7 Earth Magic


You had 10 spell levels left.
You knew the following spells:

 Your Spells              Type           Power      Damage    Failure   Level
a - Sandblast             Erth           100%       2d20      0%          1
b - Stone Arrow           Conj/Erth      100%       3d13      0%          3
c - Petrify               Tmut/Erth      100%       N/A       0%          4
d - Borgnjor's Vile Clut  Necr/Erth      53%        N/A       0%          5
e - Blink                 Tloc           100%       N/A       1%          2
f - Swiftness             Air            36%        N/A       2%          3
g - Statue Form           Tmut/Erth      73%        N/A       1%          6
h - Leda's Liquefaction   Hex/Erth       45%        N/A       1%          4
i - Iron Shot             Conj/Erth      52%        9d10      1%          6
j - Manifold Assault      Tloc           82%        N/A       1%          4
k - Shatter               Erth           60%        3d45*     1%          9
l - Lehudib's Crystal Sp  Conj/Erth      52%        10d12     2%          8

Your spell library contained the following spells:

 Spells                   Type           Power      Damage    Failure   Level
 Apportation              Tloc           100%       N/A       0%          1
 Beastly Appendage        Tmut           100%       N/A       0%          1
 Kiss of Death            Conj/Necr      100%       2d13      0%          1
 Necrotise                Necr           100%       1d9       0%          1
 Passwall                 Tmut/Erth      91%        N/A       0%          2
 Wereblood                Tmut           98%        N/A       0%          2
 Vampiric Draining        Necr           90%        2d12      0%          3
 Lee's Rapid Deconstruct  Erth           60%        3d28*     0%          5
 Slow                     Hex            100%       N/A       1%          1
 Sting                    Tmut/Pois      100%       1d8       1%          1
 Summon Small Mammal      Summ           100%       N/A       1%          1
 Cigotuvi's Dreadful Rot  Necr/Pois/Air  100%       N/A       1%          2
 Ensorcelled Hibernation  Hex/Ice        72%        N/A       1%          2
 Momentum Strike          Conj/Tloc      100%       3d10      1%          2
 Poisonous Vapours        Pois/Air       72%        N/A       1%          2
 Static Discharge         Conj/Air       100%       2-7/arc   1%          2
 Gell's Gravitas          Tloc           82%        N/A       1%          3
 Hailstorm                Conj/Ice       63%        3d13      1%          3
 Ignite Poison            Fire/Tmut/Pois 64%        N/A       1%          3
 Spider Form              Tmut/Pois      74%        N/A       1%          3
 Vhi's Electric Charge    Tloc/Air       100%       N/A       1%          3
 Volatile Blastmotes      Fire/Tloc      100%       2d18      1%          3
 Anguish                  Hex/Necr       34%        N/A       1%          4
 Dispel Undead            Necr           90%        3d29      1%          4
 Flame Wave               Conj/Fire      63%        2d15      1%          4
 Fulminant Prism          Conj/Hex       31%        3d15      1%          4
 Ice Form                 Ice/Tmut       74%        N/A       1%          4
 Iskenderun's Mystic Bla  Conj/Tloc      81%        2d16      1%          4
 Passage of Golubria      Tloc           82%        N/A       1%          4
 Sticky Flame             Conj/Fire      63%        2d8       1%          4
 Agony                    Necr           90%        N/A       1%          5
 Alistair's Intoxication  Tmut/Pois      49%        N/A       1%          5
 Blade Hands              Tmut           49%        N/A       1%          5
 Irradiate                Conj/Tmut      45%        3d26      1%          5
 Iskenderun's Battlesphe  Conj           81%        2d13      1%          5
 Yara's Violent Unravell  Hex/Tmut       37%        3d15      1%          5
 Death Channel            Necr           45%        N/A       1%          6
 Dispersal                Tloc           41%        N/A       1%          6
 Call Canine Familiar     Summ           36%        N/A       2%          3
 Confusing Touch          Hex            36%        N/A       2%          3
 Frozen Ramparts          Ice            72%        1d11      2%          3
 Inner Flame              Hex/Fire       36%        N/A       2%          3
 Summon Guardian Golem    Hex/Summ       36%        N/A       2%          3
 Tukima's Dance           Hex            36%        N/A       2%          3
 Arcjolt                  Conj/Air       31%        1d41      3%          5
 Eringya's Noxious Bog    Tmut/Pois      37%        N/A       4%          6
 Airstrike                Air            18%        2d(3-19)  9%          4
 Olgreb's Toxic Radiance  Pois           36%        N/A       9%          4
 Summon Ice Beast         Ice/Summ       36%        N/A       9%          4
 Summon Lightning Spire   Summ/Air       36%        N/A       9%          4
 Orb of Destruction       Conj           40%        9d11      11%         7
 Necromutation            Tmut/Necr      47%        N/A       14%         8
 Conjure Ball Lightning   Conj/Air       31%        3x3d10    16%         6
 Starburst                Conj/Fire      31%        6d10      16%         6
 Metabolic Englaciation   Hex/Ice        18%        N/A       22%         5
 Silence                  Hex/Air        18%        N/A       22%         5
 Summon Mana Viper        Hex/Summ       36%        N/A       22%         5
 Storm Form               Tmut/Air       37%        N/A       26%         7
 Borgnjor's Revivificati  Necr           45%        N/A       26%         8
 Disjunction              Tloc           41%        N/A       63%         8
 Spellforged Servitor     Conj/Summ      31%        N/A       65%         7
 Death's Door             Necr           45%        N/A       99%         9
 Monstrous Menagerie      Summ           18%        N/A       100%        7
 Discord                  Hex            18%        N/A       100%        8
 Ignition                 Fire           18%        3d7       100%        8
 Maxwell's Capacitive Co  Air            18%        ∞         100%        8
 Chain Lightning          Conj/Air       31%        3d42      100%        9
 Fire Storm               Conj/Fire      31%        8d8       100%        9
 Portal Projectile        Hex/Tloc       Unusable   N/A       N/A         3
 Animate Armour           Summ/Erth      Unusable   N/A       N/A         4
 Animate Dead             Necr           Unusable   N/A       N/A         4

Dungeon Overview and Level Annotations

Branches:
Dungeon (15/15)            Temple (1/1) D:5            Lair (5/5) D:11
  Swamp (4/4) Lair:2        Snake (4/4) Lair:3        Slime (5/5) Lair:5
    Orc (2/2) D:11            Elf (3/3) Orc:2        Vaults (5/5) D:13
  Crypt (3/3) Vaults:3       Tomb (0/3) Crypt:3      Depths (4/4) D:15
   Hell (visited)             Dis (0/7) Hell            Geh (0/7) Hell
    Coc (0/7) Hell            Tar (0/7) Hell            Zot (2/5) Depths:4
  IceCv (visited)          WizLab (visited)         Desolation (visited)
Gauntlet (visited)

Altars:
Ashenzari
Cheibriados
Dithmenos
Elyvilon
Fedhas
Gozag
Hepliaklqana
Kikubaaqudgha
Makhleb
Nemelex Xobeh
Okawaru
Qazlal
Ru
Sif Muna
Trog
Uskayaw
Vehumet
Wu Jian
Xom
Yredelemnul
Zin
The Shining One
Jiyva

Shops:
D:6 (   D:11 :=[!:   Orc:1 [   Orc:2 *??[   Elf:1 *   Elf:3 !
Lair:1 !==?!!====*::   Snake:2 *?:=   Snake:3 [![   Vaults:2 =   Depths:4 =(

Portals:
Hell: Lair:5 Depths:1 Depths:2 Depths:3 Depths:4
Abyss: Depths:3
Pandemonium: Depths:2 Depths:3
Ziggurat: Depths:3

Annotations:
D:4 Menkaure
D:7 Duvessa, Joseph
Zot:1 4 transporters, salammoniac's ghost, master DsEE


Innate Abilities, Weirdness & Mutations

You have sharp claws.
You have razor-sharp teeth.
You have supernaturally acute eyesight. (SInv)
You cover ground quickly. (Speed+)
Your thick and shaggy fur keeps you warm. (AC +3, rC+)
Your paws help you pounce on unaware monsters.
You are incapable of wielding weapons or throwing items.
You cannot wear armour.
You gain extra lives every three experience levels.
You have a pair of small horns on your head.
You are robust. (+10% HP)


Message History

The moth of wrath is severely wounded.
Casting: Stone Arrow (safe; 0% risk of failure)
Confirm with . or Enter, or press ? or * to list all spells.
Aiming: Stone Arrow (safe; 0% risk of failure)
Press: ? - help, Shift-Dir - straight line, f/p - moth of wrath
Aim: a moth of wrath (severely wounded, 78% to hit)
The stone arrow misses the moth of wrath.
The moth of wrath completely misses you. x2
Casting: Stone Arrow (safe; 0% risk of failure)
Confirm with . or Enter, or press ? or * to list all spells.
Aiming: Stone Arrow (safe; 0% risk of failure)
Press: ? - help, Shift-Dir - straight line, f/p - moth of wrath
Aim: a moth of wrath (severely wounded, 78% to hit)
The stone arrow hits the moth of wrath!!
You kill the moth of wrath!
You start resting.
Magic restored.
Salammoniac's ghost turns its malevolent gaze towards you.
Salammoniac's ghost casts a spell.
A freezing vortex appears around salammoniac's ghost!
Casting: Stone Arrow (safe; 0% risk of failure)
Confirm with . or Enter, or press ? or * to list all spells.
Okay, then.
The freezing vortex lifts you up.
You fly up into the air.
Found a transporter.
You see here a staff of death.
You float gracefully downwards.
The winds around salammoniac's ghost start to calm down.
Salammoniac's ghost casts a spell.
The dungeon rumbles around salammoniac's ghost!
You shudder from the earth-shattering force!!!
Ouch! That really hurt!
* * * LOW HITPOINT WARNING * * *
Ka-crash!
Salammoniac's ghost mumbles some strange words.
The dungeon rumbles around salammoniac's ghost!
You shudder from the earth-shattering force!!!!
Ouch! That really hurt!
You die...
Your body crumbles into a pile of gold.

#.......§§§§§§§§§§§....
.........§§§§§§§§§§§....
.........§§§§§W§§§§§§§§.
.........§§§§§§§§§§§§§§.
.........§§§.#§§W§§§§§§.
.........§§§##§§§§§§§§§.
.........§§§##§§§§§§§§§.
.........§§§##§§§§§§§§§.
.......@..§§#.§§§§§§§§§.
................§§§§§§§.
...................>....
...####......###........
.# #.©.#### #........
##### #........ #####
#......## #####
#.......# ##'#.....


You could see salammoniac's ghost (gusty).

Vanquished Creatures
  the Royal Jelly (Slime:5)
  2 dread liches
  2 ancient liches
  Sojobo (Crypt:3)
  Boris (Crypt:1)
  Saint Roka (Snake:3)
  Vashnia (Snake:3)
  4 caustic shrikes
  Geryon (Hell)
  2 curse toes (Zot:1)
  3 golden dragons
  Nikola (Snake:1)
  2 shard shrike zombies
  2 bone dragons
  2 liches (Depths:2)
  A Cloud Mage (WizLab)
  Mlioglotl (Snake:3)
  A spectral shard shrike (Crypt:3)
  Zenata (Crypt:1)
  8 tentacled monstrosities
  A shard shrike skeleton (Crypt:2)
  7 titans
  A walking frostbound tome (Depths:2)
  Asterion (Elf:2)
  4 quicksilver dragons
  5 deep elf blademasters
  2 deep elf master archers (Elf:3)
  A walking divine tome (Depths:2)
  10 sphinxes
  An ancient champion (Crypt:2)
  A thorn hunter (Swamp:4)
  21 acid blobs
  5 death cobs
  12 shadow dragons
  Kirke (Lair:3)
  Donald (Swamp:4)
  Agnes (Snake:1)
  2 draconian monks
  7 storm dragons
  A fenstrider witch (Swamp:3)
  5 revenants
  9 azure jellies
  4 nagarajas
  3 draconian knights
  6 tengu reavers
  An azure jelly (shapeshifter) (Vaults:5)
  15 rockslimes
  7 deep elf sorcerers
  9 fire giants
  3 frost giants
  4 iron dragons
  5 draconian scorchers
  2 imperial myrmidons (Desolation)
  23 vault wardens
  A balrug (Depths:1)
  Louise (Swamp:4)
  3 spectral caustic shrikes (Crypt:3)
  Aizul (Depths:2)
  6 deep elf elementalists
  A ghoul (Crypt:1)
  3 draconian shifters
  A curse skull (Crypt:2)
  3 draconian stormcallers
  A cacodemon (Hell)
  15 ironbound preservers
  4 angels
  An orc warlord (Vaults:1)
  A spectral Killer Klown (Zot:1)
  3 draconian annihilators
  8 reapers
  The ghost of growler the Destroyer, a journeyman DrCj of Gozag (Lair:4)
  7 ironbound thunderhulks
  3 war gargoyles
  25 very ugly things
  3 green draconians
  8 quicksilver oozes
  18 stone giants
  11 vampire knights
  4 deep elf demonologists
  7 black draconians
  A spectral titan (Crypt:3)
  A minotaur (Gauntlet)
  6 yellow draconians
  8 deep elf annihilators
  14 dire elephants
  An elemental wellspring (Hell)
  The ghost of nroviw the Grappler, a journeyman TrFi of Wu Jian (D:12)
  6 purple draconians
  4 white draconians
  Azrael (Snake:2)
  7 red draconians
  7 spark wasps
  A wendigo (Hell)
  6 eleionomae
  2 bunyips
  9 eidola
  5 crystal guardians
  4 blizzard demons
  3 entropy weavers
  9 deep elf death magi
  10 fire dragons
  7 ragged hierophants (Desolation)
  5 spectral quicksilver dragons
  14 ettins
  3 green deaths
  13 yaktaur captains
  5 deep elf high priests
  8 servants of whispers (Desolation)
  13 jiangshi
  3 rakshasas
  9 great orbs of eyes
  A shambling mangrove (Swamp:4)
  3 spriggan zombies (Hell)
  9 ice dragons
  5 salamander tyrants
  5 peacekeepers
  41 vault guards
  4 ghost crabs
  3 ogre magi
  5 death knights
  6 ironbound frosthearts
  A juggernaut simulacrum (Crypt:3)
  16 spriggan air magi
  4 hell beasts
  5 boulder beetles
  28 centaur warriors
  Erica (Lair:1)
  17 anacondas
  2 catoblepae
  28 hydras
  2 spectral draconians (Zot:1)
  2 spriggan skeletons
  26 dancing weapons
  A quicksilver dragon skeleton (Crypt:2)
  7 naga warriors
  7 two-headed ogres
  3 deep troll shamans
  5 alligators
  A Killer Klown simulacrum (Zot:1)
  The ghost of salammoniac the Firebug, a novice DsFE of Vehumet (D:9)
  Urug (Lair:1)
  15 deep troll earth magi
  10 shock serpents
  11 hell hogs (Hell)
  2 spectral dire elephants (Crypt:3)
  6 tengu warriors
  11 soul eaters
  20 naga sharpshooters
  5 vampire magi
  18 deep elf knights
  An orc high priest (Orc:1)
  2 skysharks (Lair:5)
  3 spriggan berserkers
  5 spectral storm dragons
  10 sun demons
  6 hell knights
  2 titan skeletons
  6 shadow wraiths
  13 iron trolls
  6 salamander mystics
  2 spectral death yaks (Lair:4)
  14 skeletal warriors
  A sixfirhy (Depths:1)
  A quicksilver dragon simulacrum (Hell)
  3 sea snakes (Snake:2)
  4 death drakes
  5 goliath frogs
  4 spriggan druids
  An anaconda zombie (Crypt:1)
  7 glowing orange brains
  2 bunyip zombies (Crypt:2)
  12 wizards
  11 swamp dragons
  A golden dragon skeleton (Depths:3)
  9 bog bodies
  13 flayed ghosts
  26 ironbound convokers
  An obsidian statue (Depths:1)
  60 deep trolls
  Pikel (D:6)
  12 necromancers
  13 naga ritualists
  16 phantasmal warriors
  9 deep elf archers
  4 orc knights
  A goliath frog zombie (Crypt:3)
  38 deep elf pyromancers
  An anaconda skeleton (Hell)
  4 harpies (Vaults:1)
  24 deep elf zephyrmancers
  A frost giant zombie (Vaults:4)
  2 iron dragon zombies
  7 shining eyes
  28 ugly things
  13 lindwurms
  A fire giant zombie (Vaults:4)
  12 mana vipers
  A wolf spider (shapeshifter) (Depths:4)
  An orc sorcerer (D:13)
  3 will-o-the-wisps
  5 cyclopes
  A sphinx skeleton (Depths:3)
  17 salamanders
  A faun (shapeshifter) (Depths:2)
  9 manticores
  A salamander (shapeshifter) (Vaults:5)
  8 moths of wrath
  A stone giant skeleton (Hell)
  3 naga zombies (Crypt:2)
  2 spectral centaurs (Crypt:3)
  A frost giant skeleton (Crypt:3)
  A spectral alligator snapping turtle (Crypt:3)
  An eye of devastation (shapeshifter) (Elf:1)
  A black mamba (shapeshifter) (D:14)
  A water nymph (shapeshifter) (Vaults:5)
  17 naga magi
  5 rust devils (Hell)
  60 black mambas
  A fire giant skeleton (Depths:3)
  25 elephants
  16 vault sentinels
  3 ice statues
  2 dire elephant zombies
  11 guardian serpents
  5 molten gargoyles
  3 storm dragon simulacra
  A titan simulacrum (Hell)
  3 apocalypse crabs (WizLab)
  An eye of devastation (Slime:5)
  13 smoke demons
  A centaur skeleton (Hell)
  A pale draconian zombie (Crypt:1)
  4 orange demons
  A green draconian zombie (Crypt:1)
  Maggie (Lair:2)
  2 swamp worm zombies
  A hellion (Hell)
  10 ice devils
  46 yaktaurs
  A kobold demonologist (D:13)
  4 anaconda simulacra
  4 rime drakes
  22 freezing wraiths
  12 komodo dragons
  7 cane toads
  A tormentor (Hell)
  3 tengu conjurers
  6 guardian mummies
  4 red devils
  2 spectral harpies (Crypt:3)
  11 trolls
  A black draconian skeleton (Crypt:3)
  A red draconian skeleton (Crypt:2)
  A hellwing (Lair:5)
  2 bloated husks
  2 wind drakes (WizLab)
  2 polar bears
  5 tyrant leeches
  13 hornets
  Grinder (D:6)
  2 harpy skeletons
  Prince Ribbit (D:5)
  21 blink frogs
  A fire dragon zombie (Crypt:1)
  A dream sheep (shapeshifter) (D:13)
  A sea snake skeleton (Crypt:2)
  39 saltlings (Desolation)
  An iron dragon simulacrum (Hell)
  A culicivora (Vaults:1)
  10 air elementals
  117 slime creatures
  13 spriggans
  4 shadows
  A centaur simulacrum (Hell)
  11 flying skulls
  3 stone giant simulacra
  A yak (shapeshifter) (Vaults:5)
  A culicivora (shapeshifter) (Vaults:5)
  A spriggan (shapeshifter) (D:14)
  7 water elementals
  A jumping spider (Vaults:1)
  A spectral black mamba (Lair:4)
  2 ettin skeletons
  A dire elephant simulacrum (IceCv)
  A human (D:13)
  37 yaks
  6 vampires
  5 wyverns
  7 wraiths
  A human (shapeshifter) (D:13)
  3 basilisks
  2 steam dragons
  5 fire elementals
  Eustachio (D:4)
  A neqoxec (Depths:1)
  6 golden eyes (Slime:5)
  A chaos spawn (Depths:1)
  11 vampire mosquitoes
  Edmund (D:5)
  6 harpy simulacra
  8 wargs
  51 nagas
  An acid dragon (D:10)
  14 swamp worms
  4 hydra simulacra
  21 water moccasins
  5 large abominations (Elf:1)
  2 floating eyes (shapeshifter)
  9 hell hounds
  An entropy weaver zombie (Vaults:4)
  A floating eye (Slime:4)
  10 swamp drakes
  A black bear (D:6)
  37 orc warriors
  2 ettin simulacra (Hell)
  6 wolves (Lair:2)
  A swamp dragon zombie (Crypt:1)
  29 centaurs
  12 ogres
  A manticore skeleton (Crypt:1)
  A lemure (D:7)
  A vine stalker zombie (Crypt:3)
  4 kobold brigands
  5 necrophages
  11 bullfrogs
  2 wyvern zombies (D:7)
  4 earth elementals
  A scorpion (D:5)
  A naga simulacrum (Crypt:2)
  A cane toad simulacrum (Lair:4)
  4 wights
  7 small abominations (Elf:1)
  Dowan (D:7)
  15 killer bees
  3 electric eels (D:13)
  2 howler monkeys (D:9)
  A bullfrog zombie (D:7)
  3 centaur zombies
  4 jellies
  2 hounds
  2 gnoll boudas
  17 orc priests
  2 human zombies
  2 sleepcaps
  2 human skeletons (Crypt:1)
  An iguana (D:4)
  23 orc wizards
  7 hell rats (Hell)
  4 spriggan simulacra
  A troll simulacrum (IceCv)
  An ogre zombie (Crypt:3)
  3 wolf simulacra (IceCv)
  A naga skeleton (Crypt:3)
  8 mummies
  2 howler monkey zombies (D:7)
  Robin (D:4)
  11 gnolls
  12 adders
  A steam dragon zombie (Crypt:2)
  2 shadow imps (D:5)
  17 white imps
  2 ufetubi (D:5)
  An adder skeleton (Crypt:2)
  A lava snake skeleton (Crypt:2)
  3 worms
  3 dart slugs
  70 orcs
  5 ball pythons
  10 endoplasms
  6 giant cockroaches
  14 goblins
  10 hobgoblins
  8 jackals (D:2)
  8 quokkas
  5 bats
  A dart slug zombie (Crypt:1)
  2 frilled lizards
  24 kobolds
  6 rats
2621 creatures vanquished.

Vanquished Creatures (others)
  A fenstrider witch (Swamp:3)
  An ogre mage (D:13)
  A deep elf knight (Elf:1)
  A goliath frog (Swamp:3)
  A moth of wrath (Zot:1)
  A hellwing (Depths:1)
  A tyrant leech (Swamp:2)
  2 humans (Lair:3)
  2 hell hounds (Snake:3)
  18 foxfires
29 creatures vanquished.

Grand Total: 2650 creatures vanquished

Notes
Turn   | Place    | Note
-------+----------+-------------------------------------------
     0 | D:1      | spardeous the Felid Earth Elementalist began the quest for
                  | the Orb.
     0 | D:1      | Reached XP level 1. HP: 7/7 MP: 4/4
    80 | D:1      | Reached skill level 3 in Earth Magic
   159 | D:2      | Found an opulent altar of Gozag.
   275 | D:2      | Reached XP level 2. HP: 11/11 MP: 4/6
   476 | D:2      | Became a worshipper of Gozag Ym Sagoz the Greedy
   913 | D:1      | Found a faded altar of an unknown god.
   961 | D:1      | You fall into a shaft and drop 1 floor!
   974 | D:2      | Reached XP level 3. HP: 11/14 MP: 1/7
  1238 | D:2      | Reached skill level 4 in Earth Magic
  1530 | D:2      | Reached XP level 4. HP: 13/18 MP: 4/8
  2657 | D:3      | Learned a level 3 spell: Stone Arrow
  2765 | D:3      | Found a shimmering blue altar of Sif Muna.
  3302 | D:3      | Reached XP level 5. HP: 21/21 MP: 7/9
  3744 | D:4      | Reached skill level 5 in Earth Magic
  4001 | D:4      | Noticed Robin
  4014 | D:4      | Killed Robin
  4395 | D:4      | Gained mutation: You are covered in thick fur. (AC +2)
                  | [Felid growth]
  4395 | D:4      | Reached XP level 6. HP: 24/24 MP: 7/10
  4508 | D:4      | Found a white marble altar of Elyvilon.
  4571 | D:4      | Noticed Eustachio
  4580 | D:4      | Noticed Menkaure
  4614 | D:4      | Killed Eustachio
  4615 | D:4      | Reached skill level 6 in Earth Magic
  4871 | D:4      | Found a radiant altar of Vehumet.
  4979 | D:5      | Entered Level 5 of the Dungeon
  4979 | D:5      | Noticed Edmund
  5118 | D:5      | Reached skill level 7 in Earth Magic
  5118 | D:5      | Reached XP level 7. HP: 27/27 MP: 9/11
  5148 | D:5      | Found a broken altar of Ashenzari.
  5191 | D:5      | Killed Edmund
  5571 | D:5      | Reached skill level 8 in Earth Magic
  5717 | D:5      | Noticed Prince Ribbit
  5745 | D:5      | Killed Prince Ribbit
  5746 | D:5      | Reached XP level 8. HP: 31/31 MP: 8/12
  5791 | D:5      | Identified the +7 trident "Suaru" {flame, *Rage *Noise
                  | Will+++ Dex+3}
  5955 | D:5      | Found a staircase to the Ecumenical Temple.
  6068 | D:6      | Found Ahyock's Weapon Shop.
  6099 | D:6      | Noticed Grinder
  6252 | D:6      | Reached skill level 9 in Earth Magic
  6362 | D:6      | Reached skill level 1 in Conjurations
  6828 | D:6      | Paralysed by Grinder for 2 turns
  6844 | D:6      | Killed Grinder
  7432 | D:7      | HP: 1/31 [bullfrog (7)]
  7657 | D:7      | Reached skill level 5 in Dodging
  7659 | D:7      | Reached XP level 9. HP: 32/34 MP: 11/16
  7755 | D:7      | Noticed Pikel
  7798 | D:6      | Killed Pikel
  7799 | D:6      | Reached skill level 5 in Spellcasting
  8149 | D:7      | Found a basalt altar of Yredelemnul.
  8207 | D:7      | Reached skill level 5 in Conjurations
  8293 | D:7      | Noticed Dowan
  8308 | D:7      | Killed Dowan
  8414 | D:7      | Found an ornate altar of the Wu Jian Council.
  8535 | D:7      | Noticed Duvessa
  8536 | D:7      | Noticed Joseph
  8805 | D:8      | Learned a level 4 spell: Petrify
  9135 | D:8      | Reached XP level 10. HP: 37/37 MP: 17/20
  9486 | D:9      | Found a burning altar of Makhleb.
  9678 | D:9      | Found a runed translucent gate.
  9678 | D:9      | Noticed a ten-headed hydra
  9682 | D:9      | Noticed salammoniac's ghost (novice DsFE)
  9906 | D:9      | Found a runed translucent gate.
  9906 | D:9      | Found a runed translucent gate.
 10750 | D:9      | Found a bloodstained altar of Trog.
 10918 | D:9      | Killed salammoniac's ghost
 10949 | D:9      | Killed a ten-headed hydra
 10950 | D:9      | Reached skill level 10 in Dodging
 11252 | Temple   | Entered the Ecumenical Temple
 11564 | D:10     | Entered Level 10 of the Dungeon
 11957 | D:10     | Noticed a two-headed ogre
 11977 | D:10     | Killed a two-headed ogre
 12103 | D:10     | Reached XP level 11. HP: 40/40 MP: 14/24
 12683 | D:10     | Noticed a tengu warrior
 12710 | D:10     | HP: 2/40 [tengu warrior/stone (13)]
 12898 | D:10     | Found an ancient bone altar of Kikubaaqudgha.
 13483 | D:10     | Noticed a two-headed ogre
 13486 | D:10     | Killed a two-headed ogre
 13728 | D:10     | Noticed a red ugly thing
 13766 | D:10     | Killed a red ugly thing
 14043 | D:10     | Noticed a deep elf pyromancer
 14290 | D:10     | Killed from afar by a deep elf pyromancer
 14291 | D:10     | Reached XP level 10. HP: -5/37 MP: 16/24
 14490 | D:10     | Killed a deep elf pyromancer
 14593 | D:11     | Learned a level 5 spell: Borgnjor's Vile Clutch
 14743 | D:11     | Found a staircase to the Orcish Mines.
 14781 | D:11     | Found Lym Ahor's Distillery.
 14789 | D:11     | Bought a potion of experience for 800 gold pieces
 14789 | D:11     | Bought a potion of ambrosia for 128 gold pieces
 14790 | D:11     | Reached skill level 5 in Fighting
 14790 | D:11     | Reached skill level 10 in Conjurations
 14790 | D:11     | Reached XP level 11. HP: 48/48 MP: 23/25
 14791 | D:11     | Found Fikor's Book Boutique.
 14873 | D:11     | Found a frozen archway.
 14981 | D:11     | Found Plog's Jewellery Emporium.
 14987 | D:11     | Bought a ring of magical power for 260 gold pieces
 14987 | D:11     | Bought a ring of protection from cold for 325 gold pieces
 14987 | D:11     | Bought an amulet of magic regeneration for 390 gold pieces
 15032 | IceCv    | Entered an ice cave
 15129 | IceCv    | Reached skill level 10 in Spellcasting
 15505 | IceCv    | Gained mutation: You sometimes lose your temper in combat.
                  | [potion of mutation]
 15505 | IceCv    | Gained mutation: Your system is resistant to poisons.
                  | (rPois) [potion of mutation]
 15506 | IceCv    | Lost mutation: You sometimes lose your temper in combat.
                  | [potion of mutation]
 15506 | IceCv    | Lost mutation: Your system is resistant to poisons. (rPois)
                  | [potion of mutation]
 15506 | IceCv    | Gained mutation: You occasionally lose the ability to drink
                  | potions when taking damage. [potion of mutation]
 15506 | IceCv    | Gained mutation: You are partially covered in iridescent
                  | scales. (AC +2) [potion of mutation]
 15506 | IceCv    | Gained mutation: Your skin changes colour to match your
                  | surroundings (Stealth+). [potion of mutation]
 15571 | IceCv    | Gained mutation: Your thick and shaggy fur keeps you warm.
                  | (AC +3, rC+) [Felid growth]
 15571 | IceCv    | Reached XP level 12. HP: 30/52 MP: 19/27
 16472 | D:11     | Found a staircase to the Lair.
 16625 | D:11     | Noticed a two-headed ogre
 16632 | D:11     | Killed a two-headed ogre
 16668 | D:11     | Found Quyfil's Armour Emporium.
 16731 | D:11     | Found Rohaquras's Book Emporium.
 16985 | Lair:1   | Entered Level 1 of the Lair of Beasts
 17139 | Lair:1   | You fall into a shaft and drop 1 floor!
 17141 | Lair:2   | Noticed Maggie
 17145 | Lair:2   | Found a staircase to the Swamp.
 17160 | Lair:2   | Noticed a five-headed hydra
 17164 | Lair:2   | Found a gate leading to a gauntlet.
 17177 | Lair:2   | Killed a five-headed hydra
 17397 | Lair:2   | Killed Maggie
 17584 | Gauntlet | Entered a Gauntlet
 17584 | Gauntlet | Found a transporter.
 17584 | Gauntlet | Found a transporter.
 17584 | Gauntlet | Found a transporter.
 17608 | Gauntlet | Found a transporter.
 17620 | Gauntlet | Found a transporter.
 17634 | Gauntlet | Found a transporter.
 17646 | Gauntlet | Found a transporter.
 17659 | Gauntlet | Found a transporter.
 17665 | Gauntlet | Found a transporter.
 17675 | Gauntlet | Found a large runed translucent door.
 17676 | Gauntlet | Found a large runed translucent door.
 17677 | Gauntlet | Found a large runed translucent door.
 17677 | Gauntlet | Found a large runed translucent door.
 17678 | Gauntlet | Found a runed translucent gate.
 17679 | Gauntlet | Found a transporter.
 17679 | Gauntlet | Found a runed translucent gate.
 17680 | Gauntlet | Found a runed translucent gate.
 17681 | Gauntlet | Found a large runed translucent door.
 17681 | Gauntlet | Found a large runed translucent door.
 17682 | Gauntlet | Found a large runed translucent door.
 17683 | Gauntlet | Found a large runed translucent door.
 17692 | Gauntlet | Found a large runed translucent door.
 17692 | Gauntlet | Found a large runed translucent door.
 17692 | Gauntlet | Found a runed translucent door.
 17692 | Gauntlet | Found a runed translucent door.
 17693 | Gauntlet | Found a large runed translucent door.
 17694 | Gauntlet | Found a large runed translucent door.
 17696 | Gauntlet | Found a transporter.
 17737 | Gauntlet | Found a large runed translucent door.
 17738 | Gauntlet | Found a large runed translucent door.
 17739 | Gauntlet | Found a large runed translucent door.
 17739 | Gauntlet | Found a large runed translucent door.
 17740 | Gauntlet | Found a transporter.
 17844 | Gauntlet | Learned a level 2 spell: Blink
 17848 | Gauntlet | Learned a level 3 spell: Swiftness
 18354 | Gauntlet | Lost mutation: Your skin changes colour to match your
                  | surroundings (Stealth+). [potion of mutation]
 18354 | Gauntlet | Lost mutation: You occasionally lose the ability to drink
                  | potions when taking damage. [potion of mutation]
 18354 | Gauntlet | Gained mutation: You have a somewhat thin skeletal
                  | structure. (Dex +2, Stealth+) [potion of mutation]
 18354 | Gauntlet | Lost mutation: You have a somewhat thin skeletal structure.
                  | (Dex +2, Stealth+) [potion of mutation]
 18354 | Gauntlet | Gained mutation: You occasionally shout uncontrollably at
                  | your foes. [potion of mutation]
 18354 | Gauntlet | Gained mutation: You are mostly covered in iridescent
                  | scales. (AC +4) [potion of mutation]
 18667 | Gauntlet | Identified the +6 falchion of Overwhelming Force {freeze,
                  | Int+3}
 18667 | Gauntlet | Noticed a minotaur
 18696 | Gauntlet | Killed a minotaur
 18697 | Gauntlet | Reached XP level 13. HP: 55/55 MP: 30/30
 18712 | Gauntlet | Identified the +3 robe of Onkiwk {rPois Will++}
 18712 | Gauntlet | Identified the ring of Scepticism {rPois rF+ Str+5 Dex-4
                  | Stlth+}
 18748 | Lair:2   | Noticed Urug
 18957 | Lair:1   | Found a snail-covered altar of Cheibriados.
 19080 | Lair:1   | Reached skill level 1 in Unarmed Combat
 19204 | Lair:1   | Noticed Erica
 19218 | Lair:1   | Killed Erica
 20840 | Lair:3   | Noticed Kirke
 20864 | Lair:3   | Killed Kirke
 21533 | Lair:3   | Found a staircase to the Snake Pit.
 21940 | Lair:4   | Found a runed translucent gate.
 22029 | Lair:3   | Reached skill level 5 in Transmutations
 22223 | Lair:4   | Found a runed translucent gate.
 22223 | Lair:4   | Found a runed translucent gate.
 22224 | Lair:4   | Noticed growler's ghost (journeyman DrCj)
 23593 | Lair:5   | Entered Level 5 of the Lair of Beasts
 23805 | Lair:5   | Reached XP level 14. HP: 41/62 MP: 10/31
 23859 | Lair:5   | Reached skill level 10 in Transmutations
 24191 | Lair:5   | Reached skill level 15 in Dodging
 24433 | Lair:5   | Found a runed translucent door.
 24437 | Lair:5   | Found a staircase to the Slime Pits.
 25907 | Lair:5   | Found a burning altar of Makhleb.
 26041 | Lair:5   | Reached skill level 10 in Fighting
 26195 | Lair:5   | Found a gateway to Hell.
 26425 | Orc:1    | Entered Level 1 of the Orcish Mines
 26432 | Orc:1    | Found Byuluis's Antique Armour Shop.
 27110 | Orc:2    | Entered Level 2 of the Orcish Mines
 27515 | Orc:2    | Found a staircase to the Elven Halls.
 28595 | Orc:2    | Reached skill level 10 in Earth Magic
 28897 | Orc:2    | Found Daebanas's Magic Scroll Boutique.
 28897 | Orc:2    | Found Kussi's Magic Scroll Shoppe.
 28900 | Orc:2    | Found Puomua Rirra's Assorted Antiques.
 28902 | Orc:2    | Found Doetsun's Armour Shop.
 28910 | Orc:2    | Bought a scroll of identify for 30 gold pieces
 28910 | Orc:2    | Bought a scroll of identify for 30 gold pieces
 28910 | Orc:2    | Bought a scroll of identify for 30 gold pieces
 28912 | Orc:2    | Identified a scroll of acquirement
 28921 | Orc:2    | Acquired 804 gold pieces
 29356 | Lair:1   | Bought a book of Sloth for 468 gold pieces
 29362 | Lair:1   | Bought the amulet of Vitality {RegenMP++ Regen++} for 1800
                  | gold pieces
 29362 | Lair:1   | Found the amulet of Vitality {RegenMP++ Regen++}
 29589 | Lair:4   | Learned a level 6 spell: Statue Form
 31031 | Lair:4   | Reached XP level 15. HP: 70/70 MP: 32/32
 31472 | Lair:4   | Killed growler's ghost
 31867 | Lair:1   | Killed Urug
 32348 | D:12     | Reached XP level 16. HP: 57/73 MP: 26/33
 32428 | D:12     | Found a runed translucent door.
 32428 | D:12     | Found a shimmering altar of Xom.
 32428 | D:12     | Noticed nroviw's ghost (journeyman TrFi)
 33050 | D:12     | Reached skill level 11 in Earth Magic
 33296 | Lair:1   | Bought the ring of the Philosopher {rN+ EV+5 Stlth+} for
                  | 900 gold pieces
 33486 | D:12     | Killed nroviw's ghost
 33600 | D:13     | Reached skill level 5 in Unarmed Combat
 33820 | D:13     | Identified the ring "Jiubbyro" {rPois rF+ Int+6 Slay+2}
 34026 | D:13     | Identified the staff of death "Qimn" {rElec rN+ MP+9 Dex+3}
 34744 | D:13     | Reached skill level 10 in Unarmed Combat
 34921 | D:13     | Found the +3 Mad Mage's Maulers {Infuse+∞ VampMP -Cast}
 34927 | D:13     | Got Amoavas's Codex of the Translocated Mountains
 35642 | D:13     | Found a gate to the Vaults.
 36295 | D:14     | Found a burning altar of Makhleb.
 37396 | Snake:1  | Entered Level 1 of the Snake Pit
 37425 | Snake:1  | Noticed Nikola
 37431 | Snake:1  | HP: 2/94 [Nikola/+1 rapier of electrocution (9)]
 37437 | Snake:1  | Killed Nikola
 37438 | Snake:1  | Reached skill level 5 in Stealth
 38529 | Snake:1  | Reached skill level 1 in Translocations
 38529 | Snake:1  | Reached XP level 17. HP: 77/77 MP: 22/34
 38575 | Snake:1  | Reached skill level 1 in Necromancy
 38734 | Snake:1  | Noticed Agnes
 38740 | Snake:1  | Killed Agnes
 39337 | Snake:2  | Reached skill level 5 in Necromancy
 39717 | Snake:2  | Found Eraovah's Assorted Antiques.
 39728 | Snake:2  | Bought a potion of heal wounds for 170 gold pieces
 39865 | Snake:2  | Found Titorr's Jewellery Emporium.
 40015 | Snake:2  | Found a runed translucent door.
 40080 | Snake:2  | Found Jote's Book Emporium.
 40093 | Snake:2  | Bought The Book of Greatest Risks and Utility for 270 gold
                  | pieces
 40188 | Snake:2  | Found Qigi's Magic Scroll Boutique.
 40495 | Snake:2  | Identified the +5 war axe "Fywnic" {drain, Int+3 Dex+3}
 40500 | Snake:2  | Acquired the ring "Xiadom" {rF+ Will+ AC+4 Dex+3}
 40559 | Snake:3  | Noticed Azrael
 40581 | Snake:2  | Killed Azrael
 40880 | Snake:3  | Noticed Saint Roka
 41046 | Snake:3  | Slain by Saint Roka
 41047 | Snake:3  | Reached XP level 16. HP: -2/94 MP: 10/34
 41054 | Snake:3  | Killed Saint Roka
 41193 | Snake:3  | Found Dovem's Armour Boutique.
 41218 | Snake:3  | Found Neireteyd's Distillery.
 41341 | Snake:3  | Noticed Mlioglotl
 41355 | Snake:3  | Gained mutation: You are clumsy. (Dex -2) [a neqoxec]
 41365 | Snake:3  | Killed Mlioglotl
 41405 | Snake:3  | Found Ydiahunule's Armour Emporium.
 41426 | Snake:3  | Noticed Vashnia
 41435 | Snake:3  | Reached XP level 17. HP: 74/77 MP: 23/35
 41443 | Snake:3  | Killed Vashnia
 41601 | Snake:3  | Identified the +5 robe of the Distant Future {rPois rF-
                  | Will+++ SInv}
 41727 | Snake:3  | Lost mutation: You are clumsy. (Dex -2) [potion of
                  | mutation]
 41727 | Snake:3  | Lost mutation: You are mostly covered in iridescent scales.
                  | (AC +4) [potion of mutation]
 41727 | Snake:3  | Lost mutation: You are partially covered in iridescent
                  | scales. (AC +2) [potion of mutation]
 41727 | Snake:3  | Gained mutation: You are occasionally teleported next to
                  | monsters. [potion of mutation]
 41728 | Snake:3  | Lost mutation: You are occasionally teleported next to
                  | monsters. [potion of mutation]
 41728 | Snake:3  | Lost mutation: You occasionally shout uncontrollably at
                  | your foes. [potion of mutation]
 41728 | Snake:3  | Gained mutation: You are partially covered in iridescent
                  | scales. (AC +2) [potion of mutation]
 41728 | Snake:3  | Gained mutation: You are agile. (Dex +4, Str/Int -1)
                  | [potion of mutation]
 41728 | Snake:3  | Gained mutation: You are robust. (+10% HP) [potion of
                  | mutation]
 42003 | Snake:4  | Entered Level 4 of the Snake Pit
 42769 | D:11     | Bought a book of the Hunter for 390 gold pieces
 42774 | D:11     | Learned a level 4 spell: Leda's Liquefaction
 42774 | D:11     | Bought a book of Power for 630 gold pieces
 42774 | D:11     | Bought a book of Iron for 540 gold pieces
 42781 | D:11     | Learned a level 6 spell: Iron Shot
 43262 | Snake:4  | Reached skill level 10 in Necromancy
 43555 | Snake:4  | Got a serpentine rune of Zot
 43945 | Snake:4  | Acquired the ring of Tomorrow {Wiz rN++}
 44219 | D:15     | Entered Level 15 of the Dungeon
 44729 | D:15     | Found a staircase to the Depths.
 45029 | Swamp:1  | Entered Level 1 of the Swamp
 45187 | Swamp:1  | Reached XP level 18. HP: 92/92 MP: 10/37
 45885 | Swamp:2  | You fall into a shaft and drop 1 floor!
 46236 | Swamp:3  | Reached skill level 12 in Earth Magic
 46579 | Swamp:4  | Entered Level 4 of the Swamp
 46584 | Swamp:4  | Noticed Donald
 46680 | Swamp:4  | Noticed Louise
 46683 | Swamp:4  | Killed Donald
 46690 | Swamp:4  | Killed Louise
 46701 | Swamp:4  | Noticed a tentacled monstrosity
 46716 | Swamp:4  | Killed a tentacled monstrosity
 46732 | Swamp:4  | Reached skill level 13 in Earth Magic
 46998 | Swamp:4  | Got a decaying rune of Zot
 47045 | Swamp:4  | Reached skill level 14 in Earth Magic
 47107 | Swamp:4  | Reached skill level 5 in Translocations
 47860 | Lair:1   | Bought 2 potions of mutation for 272 gold pieces
 47860 | Lair:1   | Bought a potion of heal wounds for 85 gold pieces
 47860 | Lair:1   | Bought a potion of heal wounds for 85 gold pieces
 48014 | Vaults:1 | Entered Level 1 of the Vaults
 48048 | Vaults:1 | Learned a level 4 spell: Manifold Assault
 48103 | Vaults:1 | Found a portal to a secret trove of treasure.
 48145 | Vaults:1 | Found a magical portal.
 48154 | WizLab   | Entered The Chambers of the Cloud Mage
 48167 | WizLab   | Paralysed by an air elemental for 1 turns
 48186 | WizLab   | Reached skill level 10 in Translocations
 48288 | WizLab   | Paralysed by an air elemental for 1 turns
 48566 | WizLab   | Reached XP level 19. HP: 74/95 MP: 28/38
 48915 | WizLab   | Noticed Lecofiu Rymi
 48935 | WizLab   | Killed Lecofiu Rymi the Cloud Mage
 48985 | WizLab   | Paralysed by an air elemental for 1 turns
 49014 | WizLab   | Got Wodaj's Lessons on Weather
 49384 | D:11     | Bought a potion of curing for 48 gold pieces
 49384 | D:11     | Bought a potion of curing for 48 gold pieces
 49384 | D:11     | Bought a potion of curing for 48 gold pieces
 49384 | D:11     | Bought a potion of brilliance for 64 gold pieces
 49384 | D:11     | Bought a potion of attraction for 48 gold pieces
 49464 | Lair:1   | Bought a potion of curing for 51 gold pieces
 49464 | Lair:1   | Bought 2 potions of curing for 102 gold pieces
 49464 | Lair:1   | Bought a potion of might for 68 gold pieces
 49464 | Lair:1   | Bought a potion of flight for 51 gold pieces
 49575 | Snake:3  | Bought a potion of curing for 39 gold pieces
 49575 | Snake:3  | Bought 2 potions of magic for 208 gold pieces
 49575 | Snake:3  | Bought a potion of haste for 130 gold pieces
 49854 | Vaults:1 | You paid a toll of 17 potions of curing to enter a treasure
                  | trove
 49855 | Trove    | Entered a treasure trove
 49870 | Trove    | Got the Grimoire of Ruinous Anathema
 49915 | Trove    | Identified the ring "Zoemuo" {rC+++ rCorr MP+9 Str-3 Dex-3}
 50933 | Vaults:1 | You fall into a shaft and drop 1 floor!
 51552 | Vaults:2 | Reached skill level 15 in Transmutations
 51603 | Vaults:2 | Found Cati's Jewellery Shoppe.
 51729 | Vaults:2 | Reached XP level 20. HP: 66/104 MP: 18/39
 52772 | Vaults:3 | Found a staircase to the Crypt.
 53240 | Vaults:3 | Identified the +1 robe of Peer {Dex+3}
 54126 | Vaults:4 | Found a flickering gateway to a bazaar.
 54139 | Bazaar   | Entered a bazaar
 54139 | Bazaar   | Found Osihynku's Antique Armour Boutique.
 54139 | Bazaar   | Found Jeudghiemp's Armour Shop.
 54139 | Bazaar   | Found Nanwilem's Antique Weapon Shop.
 55020 | Vaults:4 | Reached skill level 15 in Earth Magic
 55491 | Elf:1    | Entered Level 1 of the Elven Halls
 55502 | Elf:1    | Reached XP level 21. HP: 108/108 MP: 13/40
 55698 | Elf:1    | Found Deyntagh's General Store.
 55730 | Elf:1    | Found a crumbling gateway.
 55746 | Elf:1    | Reached skill level 16 in Earth Magic
 55747 | Elf:1    | Found a glowing golden altar of the Shining One.
 55747 | Elf:1    | Found a white marble altar of Elyvilon.
 55747 | Elf:1    | Found a glowing silver altar of Zin.
 55774 | Desolati | Entered the Desolation of Salt
 56740 | Desolati | Identified the ring "Isaudiofi" {Int+4 Dex+6 Slay+2}
 56828 | Desolati | Reached skill level 17 in Earth Magic
 56982 | Desolati | Identified the staff of poison "Buelonav" {rPois rN+ Dex+3}
 56984 | Desolati | Got the Omnibus of Overhead Invitation
 57164 | Desolati | Identified the amulet "Aplog" {Reflect rF+ SH+5}
 57521 | Elf:1    | Got the Almanac of the Liminal Tropics
 58781 | Elf:2    | Noticed Asterion
 58795 | Elf:2    | Killed Asterion
 59010 | Elf:2    | Acquired Quw Zidd's Compilation of Noxious Combat Magic
 59033 | Elf:2    | Found a runed translucent gate.
 59038 | Elf:2    | Found a runed translucent gate.
 59038 | Elf:2    | Found a runed translucent gate.
 59199 | Elf:2    | Paralysed by an air elemental for 1 turns
 59469 | Elf:2    | Reached skill level 18 in Earth Magic
 59560 | Elf:2    | Learned a level 9 spell: Shatter
 60104 | Elf:3    | Entered Level 3 of the Elven Halls
 60541 | Elf:3    | Found Jooliduj's Distillery.
 60550 | Elf:3    | Bought a potion of magic for 128 gold pieces
 60550 | Elf:3    | Bought a potion of mutation for 128 gold pieces
 60714 | Elf:3    | Reached skill level 19 in Earth Magic
 60734 | Elf:3    | Reached XP level 22. HP: 113/113 MP: 41/41
 61234 | Elf:3    | Paralysed by an air elemental for 1 turns
 61236 | Elf:3    | Paralysed by an air elemental for 1 turns
 61589 | Elf:3    | Identified the ring of Cigh {rF+ rC++ Str-4 Slay+3 SInv}
 61698 | Elf:3    | Identified the +7 chain mail of Qeda {rF+}
 61712 | Elf:3    | Identified the +1 plate armour of Elyvilon's Indignation
                  | {*Corrode +Blink Int+2}
 61748 | Elf:3    | Identified the ring "Fyarokh" {rC+ Slay+2 Stlth+}
 61843 | Elf:3    | Identified the amulet of Xuobuar {Contam rF+ Regen+ Int+6
                  | SInv}
 62091 | Elf:3    | Got the Compilation of Shifting
 62095 | Elf:3    | Got the Octavo of Viridian Fumes
 62138 | Elf:3    | Identified the +8 dagger "Oqei" {heavy, Stlth+}
 62151 | Elf:3    | Got Easy Willworking
 62204 | Elf:3    | Reached skill level 20 in Earth Magic
 62732 | Depths:1 | Entered Level 1 of the Depths
 62965 | Depths:1 | Noticed a golden dragon
 62985 | Depths:1 | Killed a golden dragon
 63145 | Depths:1 | Gained mutation: You occasionally shout uncontrollably at
                  | your foes. [a neqoxec]
 63239 | Depths:1 | Reached skill level 21 in Earth Magic
 64369 | Depths:2 | Found a one-way gate leading to the halls of Pandemonium.
 64474 | Depths:2 | Noticed Aizul
 64482 | Depths:2 | Killed Aizul
 64551 | Depths:2 | Reached skill level 22 in Earth Magic
 64591 | Depths:2 | Found a transporter.
 64874 | Depths:2 | Found a transporter.
 64903 | Depths:2 | Identified the ring "Yhiohy" {MP-9 AC+4 Str-2 Int+9 Dex+2}
 64939 | Depths:2 | Reached XP level 23. HP: 116/116 MP: 30/42
 65055 | Depths:2 | Identified the ring "Baurghoprenu" {Fly rC+ Str+2 Slay-5}
 65314 | Depths:2 | Got Sif Muna's Vellum of Hot Pestilence
 66022 | Depths:3 | Reached skill level 23 in Earth Magic
 66249 | Depths:3 | Found a one-way gateway to a ziggurat.
 66656 | Depths:3 | Found a one-way gate to the infinite horrors of the Abyss.
 66887 | Depths:4 | Entered Level 4 of the Depths
 66888 | Depths:4 | Noticed a caustic shrike
 66889 | Depths:4 | Noticed a caustic shrike
 66890 | Depths:4 | Noticed a caustic shrike
 66893 | Depths:4 | Killed a caustic shrike
 66895 | Depths:4 | Noticed a caustic shrike
 66899 | Depths:3 | Killed a caustic shrike
 66901 | Depths:3 | Killed a caustic shrike
 67073 | Depths:4 | Killed a caustic shrike
 67350 | Depths:4 | Found Waonoho's One-of-a-Kind Rings.
 67383 | Depths:4 | Found Feiweqo's Weapon Shop.
 67448 | Depths:4 | Found a shadowy altar of Dithmenos.
 67516 | Depths:4 | Gained mutation: You have hidden genetic defects. [a
                  | shining eye]
 67598 | Depths:4 | Reached skill level 24 in Earth Magic
 67635 | Depths:4 | Lost mutation: You are robust. (+10% HP) [potion of
                  | mutation]
 67635 | Depths:4 | Lost mutation: You have hidden genetic defects. [potion of
                  | mutation]
 67635 | Depths:4 | Lost mutation: You occasionally shout uncontrollably at
                  | your foes. [potion of mutation]
 67635 | Depths:4 | Gained mutation: You expend magic power (3 MP) to
                  | strengthen your wands. [potion of mutation]
 67635 | Depths:4 | Gained mutation: You are mostly covered in iridescent
                  | scales. (AC +4) [potion of mutation]
 67635 | Depths:4 | Lost mutation: You are agile. (Dex +4, Str/Int -1) [potion
                  | of mutation]
 68170 | Depths:4 | Found a gate to the Realm of Zot.
 68748 | Vaults:4 | Acquired the ring "Bohiusch" {Wiz rElec Str+3}
 68766 | Vaults:5 | Entered Level 5 of the Vaults
 68809 | Vaults:5 | Reached XP level 24. HP: 111/111 MP: 34/42
 68810 | Vaults:5 | Identified the staff of conjuration "Lukem" {Int+4 Dex+2
                  | Stlth+}
 68810 | Vaults:5 | Identified the amulet of Cifastikh {Fly Regen+ Dex+5}
 68810 | Vaults:5 | Noticed an ancient lich
 68813 | Vaults:5 | Reached skill level 25 in Earth Magic
 68813 | Vaults:5 | Killed an ancient lich
 69026 | Vaults:5 | Identified the ring of Qigaxudy {Int+6 Dex+6}
 69107 | Vaults:5 | Identified the +3 scale mail of Duderump {Will+ MP+9 Str+4}
 69153 | Vaults:5 | Reached skill level 26 in Earth Magic
 69686 | Vaults:5 | Noticed a dread lich
 69725 | Vaults:5 | Killed a dread lich
 69913 | Vaults:5 | Identified the ring "Epirchit" {Wiz rF+ Will+ Str+4 SInv}
 69952 | Vaults:5 | Identified the ring of Epeot {Ice Str+3 Int-3 Dex+3}
 70210 | Vaults:5 | Got a silver rune of Zot
 70916 | Hell     | Entered the Vestibule of Hell
 70916 | Hell     | Noticed Geryon
 70952 | Hell     | Killed Geryon
 70954 | Hell     | Gained mutation: You are frail. (-10% HP) [a cacodemon]
 71485 | Hell     | Found a gateway to the ashen valley of Gehenna.
 71493 | Hell     | Reached XP level 25. HP: 102/102 MP: 19/42
 71672 | Hell     | Found a gateway to the decaying netherworld of Tartarus.
 71747 | Hell     | Found a gateway to the freezing wastes of Cocytus.
 71812 | Hell     | Found a gateway to the Iron City of Dis.
 72565 | Slime:1  | Entered Level 1 of the Pits of Slime
 72595 | Slime:1  | Gained mutation: You occasionally lose the ability to read
                  | scrolls when taking damage. [a shining eye]
 75085 | Slime:3  | Reached skill level 15 in Spellcasting
 75440 | Slime:5  | Entered Level 5 of the Pits of Slime
 75443 | Slime:5  | Gained mutation: You are dopey. (Int -2) [a shining eye]
 75444 | Slime:5  | Lost mutation: You are frail. (-10% HP) [a shining eye]
 75445 | Slime:5  | Gained mutation: Your magical capacity is low. (-10% MP) [a
                  | shining eye]
 75446 | Slime:5  | Paralysed by a floating eye for 4 turns
 75455 | Slime:4  | Paralysed by a floating eye for 2 turns
 76207 | Slime:5  | Gained mutation: You have hidden genetic defects. [a
                  | shining eye]
 76296 | Slime:4  | Lost mutation: You expend magic power (3 MP) to strengthen
                  | your wands. [potion of mutation]
 76296 | Slime:4  | Lost mutation: You are mostly covered in iridescent scales.
                  | (AC +4) [potion of mutation]
 76296 | Slime:4  | Lost mutation: Your magical capacity is low. (-10% MP)
                  | [potion of mutation]
 76296 | Slime:4  | Gained mutation: You are frail. (-10% HP) [potion of
                  | mutation]
 76296 | Slime:4  | Gained mutation: Your flesh is cold resistant. (rC+)
                  | [potion of mutation]
 76297 | Slime:4  | Lost mutation: You are dopey. (Int -2) [potion of mutation]
 76297 | Slime:4  | Lost mutation: You are frail. (-10% HP) [potion of
                  | mutation]
 76297 | Slime:4  | Lost mutation: Your flesh is cold resistant. (rC+) [potion
                  | of mutation]
 76297 | Slime:4  | Gained mutation: You have a pair of small horns on your
                  | head. [potion of mutation]
 76298 | Slime:4  | Lost mutation: You are partially covered in iridescent
                  | scales. (AC +2) [potion of mutation]
 76298 | Slime:4  | Lost mutation: You occasionally lose the ability to read
                  | scrolls when taking damage. [potion of mutation]
 76298 | Slime:4  | Lost mutation: You have hidden genetic defects. [potion of
                  | mutation]
 76298 | Slime:4  | Gained mutation: You are robust. (+10% HP) [potion of
                  | mutation]
 76318 | Slime:5  | Noticed the Royal Jelly
 77234 | Slime:5  | Found a viscous altar of Jiyva.
 77773 | Slime:5  | Killed the Royal Jelly
 77883 | Slime:5  | Got a slimy rune of Zot
 77884 | Slime:5  | Identified the staff of conjuration "Webrua" {Dex+3}
 77907 | Slime:5  | Identified the ring of Puom {rElec rF+ rC+ rCorr Dex+3}
 77968 | Slime:5  | Acquired 646 gold pieces
 79145 | Lair:1   | Bought 2 potions of resistance for 420 gold pieces
 79145 | Lair:1   | Bought a potion of heal wounds for 105 gold pieces
 79145 | Lair:1   | Bought a potion of heal wounds for 105 gold pieces
 79146 | Lair:1   | Bought a potion of haste for 170 gold pieces
 79146 | Lair:1   | Bought a potion of heal wounds for 85 gold pieces
 79146 | Lair:1   | Bought a potion of heal wounds for 85 gold pieces
 79363 | Crypt:1  | Entered Level 1 of the Crypt
 79765 | Crypt:1  | Noticed Boris
 79770 | Crypt:1  | Killed Boris
 80070 | Crypt:1  | Noticed Zenata
 80081 | Crypt:1  | Killed Zenata
 82283 | Crypt:3  | Entered Level 3 of the Crypt
 82576 | Crypt:3  | Reached XP level 26. HP: 130/130 MP: 39/46
 82969 | Crypt:3  | Identified the ring "Bexyimn" {Fire Will+++ Str+5 Dex-4}
 83078 | Crypt:3  | Reached skill level 15 in Fighting
 83196 | Crypt:3  | Noticed Sojobo
 83218 | Crypt:3  | Killed Sojobo
 83541 | Crypt:3  | Found the +5 scythe "Finisher" {speed, execute}
 83677 | Crypt:3  | Found the +7 Spriggan's Knife {stab, EV+4 Stlth+}
 83701 | Crypt:3  | Identified the amulet "Banatog" {-Cast Regen+ Str-4 Dex+5}
 84035 | Crypt:3  | Found a staircase to the Tomb.
 84789 | Zot:1    | Entered Level 1 of the Realm of Zot
 85172 | Zot:1    | Found a transporter.
 85203 | Zot:1    | Found a transporter.
 85205 | Zot:1    | Noticed an ancient lich
 85209 | Zot:1    | Found a transporter.
 85210 | Zot:1    | Noticed a dread lich
 85228 | Zot:1    | Noticed salammoniac's ghost (master DsEE)
 85231 | Zot:1    | Killed a dread lich
 85231 | Zot:1    | Killed an ancient lich
 85415 | Zot:1    | Killed from afar by salammoniac's ghost
 85416 | Zot:1    | Reached XP level 25. HP: -13/166 MP: 33/48
 85422 | Zot:1    | You fall into a shaft and drop 1 floor!
 85739 | Zot:2    | Learned a level 8 spell: Lehudib's Crystal Spear
 85892 | Zot:1    | Noticed a dread lich
 85894 | Zot:1    | Identified the ring of Happiness {*Slow Fly rN+ Str+4 Int+2
                  | Dex+6}
 85925 | Zot:1    | Killed from afar by salammoniac's ghost
 85926 | Zot:1    | Reached XP level 24. HP: -7/162 MP: 45/49
 86014 | Zot:1    | Found a transporter.
 86018 | Zot:1    | Killed from afar by salammoniac's ghost

Illustrated notes

Levels and vault maps discovered:
D:1:      saegor_arrival_simple_a, layout_basic,
          shapermc_ecumenical_altar_mp_ritualfount, minmay_fountain_box
D:2:      kennysheep_six_static_rooms, layout_basic, basic_altar
D:3:      layout_basic, led_sif_pool
D:4:      layout_gridville, marbit_many_paths, kennysheep_mini_moat,
          hangedman_abyss_or_decor_stabs, uniq_menkaure, uniq_robin,
          uniq_eustachio
D:5:      layout_basic, amcnicky_altar_gilded, minmay_temple_entry_overgrown,
          serial_demonic, serial_demonic_e, serial_demonic_g, serial_demonic_d,
          serial_demonic_b, uniq_edmund, uniq_prince_ribbit1
D:6:      layout_loops_ring, serial_shops, shop, serial_aquarium,
          aquarium_bridge_straight [aquarium_subvault_bridge,
          aquarium_subvault_balcony, aquarium_subvault_bridge,
          aquarium_subvault_wall], aquarium_window_3, aquarium_window_double,
          aquarium_window_fake, aquarium_view_2a, aquarium_pool_corner,
          uniq_grinder
D:7:      layout_cave_pools, lemuel_mausoleum_altar_yredelemnul,
          mainiacjoe_overflow_brackets, uniq_pikel, uniq_duvessa, uniq_joseph
D:8:      layout_loops_ring
D:9:      layout_stronghold, lemuel_coloured_pillars_altar,
          mainiacjoe_overflow_concentric_impassable, gammafunk_ghost_hydra_chop,
          serial_co_window_serial, co_window_paths_a, co_window_corner_a,
          co_window_paths_a, co_window_corner_a, co_window_paths_b,
          co_window_of_opportunity_a, co_window_of_opportunity_a,
          co_window_corner_ca, co_window_of_opportunity_c, co_window_2corner,
          co_window_broadway_c, co_window_of_opportunity_c, glass_columns_c,
          glass_columns_a, glass_columns_a, glass_columns_a, glass_columns_a
D:10:     nzn_winding_woodlands_three_and_one
          [nzn_winding_woodlands_5x15_river_crossing,
          nzn_winding_woodlands_5x15_pockets, nzn_winding_woodlands_5x15_twine,
          nzn_winding_woodlands_center_triple_pond], layout_loops_ring,
          mainiacjoe_overflow_chevrons
D:11:     layout_loops_ring, erik_lair_orcish_takeover,
          portal_ice_cave_entry_imps, serial_shops,
          nicolae_shop_temple_entry_statues_fountains,
          nicolae_book_shop_shelving, shop, shop, nicolae_shop_behind_doors,
          minmay_misc_feat_cross, nzn_life_drinkers
D:12:     layout_basic, ebering_ghost_xom
D:13:     minmay_the_grid_octo_tiled_squarecenter_mashed
          [minmay_the_grid_octo_teeth, minmay_the_grid_octo_fat_diamond,
          minmay_the_grid_octo_focus, minmay_the_grid_octo_thin_diamonds,
          minmay_the_grid_square_5x5_megaprize_crossed,
          minmay_the_grid_square_5x5_v, minmay_the_grid_square_5x5_bridge,
          minmay_the_grid_square_5x5_pentomino_r,
          minmay_the_grid_square_5x5_two], layout_basic,
          grunt_vaults_entry_fortified, st_stairs_10, dreamdust_princess_bridge
D:14:     layout_basic, serial_rivers, chequers_serial_rivers_room_a,
          chequers_serial_rivers_small_b, chequers_serial_rivers_micro_c,
          chequers_serial_rivers_micro_e, chequers_serial_rivers_small_3,
          minmay_splitting_lines, bloody_makhleb
D:15:     grunt_enter_depths_snipers, layout_cave_pools,
          grunt_decor_mini_mirrors
Temple:   dshaligram_water_room_temple
Lair:1:   layout_hall_layers, basic_altar, uniq_erica
Lair:2:   layout_gridlike, swamp_mist_pool, gauntlet_entry_generic, uniq_urug,
          uniq_maggie
Lair:3:   layout_chaotic_city, guppyfry_snake_entry_island, uniq_kirke
Lair:4:   layout_cave_pods, gammafunk_ghost_necromancy
Lair:5:   evil_forest, layout_loops_ring, slime_entry_2, serial_bayou_pond_b,
          grunt_megastairs_2
Swamp:1:  layout_basic_swamp, hangedman_swamp_lotus
Swamp:2:  layout_basic_swamp, evilmike_swamp_ruin_house_2
Swamp:3:  layout_basic_swamp, evilmike_swamp_ruin_house_1, swamp_pool5,
          infiniplex_staircase_pool
Swamp:4:  swamp, layout_basic_swamp, swamp_pool1, uniq_louise, uniq_donald
Snake:1:  layout_honeycomb, uniq_agnes, uniq_nikola
Snake:2:  nicolae_sea_snake_s, layout_cave_shapes, serial_shops,
          nicolae_shop_rolling_square, nicolae_lakefront_shop,
          nicolae_shop_pleasant_corner_grove, shop_fountains, lightli_airlock
Snake:3:  layout_rooms, serial_shops, shop, hangedman_snake_corridor_split,
          minmay_shoptagon, uniq_azrael, uniq_vashnia, uniq_saint_roka,
          uniq_mlioglotl
Snake:4:  johnstein_snake_rune_scales, layout_basic
Slime:1:  layout_caves
Slime:2:  layout_caves, cheibrodos_slime_lost_civilization_5
Slime:3:  layout_caves, cheibrodos_slime_lost_civilization_4
Slime:4:  layout_caves
Slime:5
Orc:1:    layout_caves, serial_shops, nicolae_shop_tiny_statue_garden
Orc:2:    st_orc_rangers, layout_diamond_mine, basic_altar
Elf:1:    minmay_elf_arrival_circle, layout_loops_ring, serial_shops, shop,
          portal_desolation_entry_holy_temple, hangedman_elf_represent,
          laboratory
Elf:2:    nicolae_elf_blades_splatter_lattice
          [nicolae_blade_entry_area_security], layout_geoelf_octagon,
          guppyfry_elf_garden, uniq_asterion
Elf:3:    minmay_elf_hall_statues, layout_loops_corners, serial_shops, shop
Vaults:1: mu_enter_wizlab_4, vaults_mumra_lcd, hangedman_vaults_maws,
          ontoclasm_vaults_eye, v_alt_pattern_6, hangedman_vaults_maws,
          nicolae_vaults_network_star, v_alt_pattern_6,
          nicolae_vaults_double_plus_1, nicolae_vaults_little_squares_3,
          layout_vaults_omnicross, nicolae_trove_entry_isolated
Vaults:2: hangedman_vaults_maws, nicolae_vaults_border_crossing,
          nicolae_vaults_cornered_office, nicolae_vaults_storage_closets_2,
          grunt_vaults_swirl, hangedman_vaults_variations,
          nicolae_vaults_angled_halls, ontoclasm_vaults_ring_square,
          nicolae_vaults_mush_room, nicolae_vaults_house_1,
          nicolae_vaults_trapezoid_3, vaults_dpeg_emergency_exit,
          ontoclasm_vaults_gateway, layout_vaults_maze, serial_shops,
          shop_fountains
Vaults:3: nicolae_vaults_surprise_closet, ontoclasm_vaults_shuriken,
          ontoclasm_vaults_ligature, nicolae_vaults_lightning_bolt, v_rooms_6,
          nicolae_vaults_tetromino_L_2, nicolae_vaults_double_plus_1,
          v_pattern_1, nicolae_vaults_closet_pinwheel_4,
          nicolae_vaults_storage_closets_1, ontoclasm_vaults_pinch,
          layout_vaults_quadrants
Vaults:4: grunt_vaults_twisty, nicolae_vaults_little_ls,
          nicolae_vaults_trapezoid_1, nicolae_vaults_little_squares_5, v_misc_9,
          v_misc_10, nicolae_vaults_tangram_2, v_pattern_5,
          ontoclasm_vaults_chip, grunt_vaults_hallway_short,
          nicolae_vaults_diagonal_hallway_8, nicolae_vaults_ring_of_whatevers,
          nicolae_vaults_tangram_2, nicolae_vaults_tetromino_T_1,
          nicolae_vaults_apartment_2, layout_vaults_big_room, serial_shops,
          bzr_entry_road
Vaults:5: serial_shops
Crypt:1:  layout_basic, corexii_hall_statues_x,
          grunt_crypt_arrival_guarded_gate, uniq_zenata, uniq_boris
Crypt:2:  layout_gridlike, minivault_4, nicolae_crypt_soggy_tomb
Crypt:3:  due_elkab, layout_chaotic_city, tomb_entry_simple_bobbens,
          nicolae_crypt_little_mausoleum, uniq_sojobo
Depths:1: layout_gridlike, serial_bayou_pond_e, grunt_hell_entry_demonic_statue,
          hangedman_decor_clover_reticule, minmay_misc_feat_pillars,
          minmay_pinched_square
Depths:2: gammafunk_dig_for_victory, layout_basic, pan_entry,
          hangedman_abyss_or_decor_stagger, pf_coc_iceberg, uniq_aizul
Depths:3: abrahamwl_protected_by_tso_1, layout_cave_shapes, enter_ziggurat_b,
          grunt_hell_entry_dis_grunt, abyss_entry, serial_column_ruins,
          column_ruins_portal_astroid, column_ruins_grid_4,
          column_ruins_corridor_corner, column_ruins_grid_2,
          minmay_strange_pillars
Depths:4: grunt_zot_entry_bicorn, layout_gridlike, hangedman_tar_grid_catacomb,
          grunt_dithmenos_smoke, nicolae_shop_unique_rings, minmay_shop_star
Hell
Zot:1:    gammafunk_its_a_trap, layout_basic, gammafunk_ghost_mausoleum
Zot:2:    layout_onion_interference, ebering_ghost_inner_flame,
          grunt_ministairs_15

Skill      XL: |  1  2  3  4  5  6  7  8  9 10 11 12 13 14 15 16 17 18 19 20 21 22 23 24 25 26 |
---------------+-------------------------------------------------------------------------------+-----
Earth Magic    | 3 4 5 7 8 9 10 11 14 15 19 22 24 26 | 26.7
Dodging        | 3 4 5 8 10 13 14 16 17 18 21 24 25 | 25.0
Conjurations   | 3 5 10 9 | 10.0
Spellcasting   | 4 6 8 10 12 14 21 20 | 21.4
Fighting       | 5 6 7 10 12 14 15 | 15.7
Transmutations | 3 4 9 11 15 16 | 16.0
Unarmed Combat | 4 11 | 11.0
Stealth        | 8 |  8.4
Translocations | 1 4 10 | 10.2
Necromancy     | 12 13 | 13.0

Action                     |  1- 3 |  4- 6 |  7- 9 | 10-12 | 13-15 | 16-18 | 19-21 | 22-24 | 25-27 || total
---------------------------+-------+-------+-------+-------+-------+-------+-------+-------+-------++-------
  Melee: Unarmed           |       |       |     1 |     3 |    39 |   721 |   471 |   265 |   360 ||  1860
         Bite              |       |       |       |     1 |     7 |   147 |   107 |    74 |    97 ||   433
         Punch             |       |       |       |       |     2 |    79 |    57 |    44 |    41 ||   223
         Headbutt          |       |       |       |       |       |       |       |       |   154 ||   154
   Cast: Sandblast         |    76 |    99 |   163 |   127 |   108 |    14 |    18 |     5 |     3 ||   613
         Stone Arrow       |       |       |       |   321 |   651 |   333 |   106 |    58 |     5 ||  1474
         Petrify           |       |       |       |     3 |     2 |     8 |     5 |       |       ||    18
         Statue Form       |       |       |       |       |     6 |   152 |   124 |    98 |   110 ||   490
         Swiftness         |       |       |       |       |     1 |     5 |     4 |     2 |     2 ||    14
         Borgnjor's Vile C |       |       |       |       |       |   465 |   593 |   378 |    32 ||  1468
         Blink             |       |       |       |       |       |     1 |       |       |       ||     1
         Leda's Liquefacti |       |       |       |       |       |     4 |     5 |     5 |     5 ||    19
         Manifold Assault  |       |       |       |       |       |       |    18 |       |       ||    18
         Shatter           |       |       |       |       |       |       |       |   125 |   481 ||   606
         Lehudib's Crystal |       |       |       |       |       |       |       |     3 |       ||     3
         Iron Shot         |       |       |       |       |       |       |       |       |    56 ||    56
 Invoke: Call Merchant     |       |       |       |       |     4 |     3 |       |       |     6 ||    13
Ability: End Transformatio |       |       |       |       |     2 |     7 |    20 |       |     1 ||    30
  Evoke: Wand              |       |       |     2 |       |       |       |       |       |       ||     2
         Box of beasts     |       |       |       |     1 |       |       |       |       |       ||     1
    Use: Scroll            |       |       |    15 |     8 |     7 |     7 |     4 |     4 |     7 ||    52
         Potion            |       |       |     1 |    11 |     2 |     6 |     2 |    16 |    13 ||    51
   Stab: Petrified         |       |       |       |     2 |       |     9 |     1 |       |       ||    12
         Distracted        |       |       |       |       |       |     6 |    10 |     4 |     7 ||    27
         Petrifying        |       |       |       |       |       |     1 |     1 |       |       ||     2
         Invisible         |       |       |       |       |       |     2 |       |       |       ||     2
         Confused          |       |       |       |       |       |     1 |       |       |       ||     1
         Sleeping          |       |       |       |       |       |       |     1 |       |     1 ||     2
 Armour: Skin              |     1 |     1 |     1 |    12 |    41 |   527 |   249 |   177 |   363 ||  1372
  Dodge: Dodged            |    42 |    22 |    49 |   131 |   427 |  2710 |  1509 |  1093 |  1935 ||  7918
